[Event "Team 45 45 League T74"]
[Site "Internet Chess Club"]
[Date "2017.10.08"]
[Round "4"]
[White "fishhead"]
[Black "santiagoelawad"]
[Result "1-0"]
[WhiteElo "1716"]
[BlackElo "1935"]
[Opening "Caro-Kann: two knights, 3...Bg4"]
[ECO "B10"]
[Time "12:12:26"]
[TimeControl "2700+45"]

1. e4 c6 2. Nf3 d5 3. Nc3 Bg4 4. h3 Bxf3 5. Qxf3 Nf6 6. d3 e6 7. a3 Nbd7 8. g4
g6 9. Bg2 Bg7 10. O-O O-O 11. Qg3 Qb8 12. Bf4 e5 13. Bd2 d4 14. Ne2 c5 15. f4 b5
16. f5 c4 17. Bb4 Rc8 18. Qf3 a5 19. Be7 Re8 20. Bxf6 Nxf6 21. Ng3 cxd3 22. cxd3
g5 23. Rfc1 Qb6 24. Rc2 Rec8 25. Rac1 Qa6 26. Qd1 Nd7 27. Rxc8+ Rxc8 28. Rxc8+
Qxc8 29. Qd2 Qc7 30. Qxg5 f6 31. Qd2 h6 32. Bf3 Kh7 33. h4 b4 34. axb4 a4 35. g5
hxg5 36. hxg5 fxg5 37. Qxg5 Bh6 38. Qg6+ {Black resigns} 1-0

[Event "Team 45 45 League T74"]
[Site "Internet Chess Club"]
[Date "2017.10.09"]
[Round "4"]
[White "primerpaso"]
[Black "room-matt"]
[Result "1-0"]
[WhiteElo "1852"]
[BlackElo "1763"]
[Opening "English: Bremen, Smyslov system"]
[ECO "A21"]
[Time "15:00:39"]
[TimeControl "2700+45"]

1. c4 e5 2. Nc3 Bb4 3. g3 Nf6 4. Bg2 O-O 5. e4 d6 6. Nge2 Bg4 7. O-O Nc6 8. h3
Bh5 9. g4 Bg6 10. d3 h6 11. f4 Nd7 12. f5 Bh7 13. Be3 Bc5 14. Qd2 Nb4 15. Rad1
Bxe3+ 16. Qxe3 Qh4 17. a3 Nc6 18. Nd5 Rac8 19. b4 a6 20. Qg3 Qd8 21. h4 Ne7 22.
Ne3 Kh8 23. g5 h5 24. Qf3 g6 25. Bh3 Nc6 26. Qg2 Rg8 27. Nd5 Rg7 28. f6 Rg8 29.
b5 axb5 30. cxb5 Na7 31. Ne7 Nxb5 32. Rb1 c6 33. a4 Nc7 34. Rxb7 Ra8 35. Nxc6
Qc8 36. Rfb1 Ne6 37. Ne7 Qc5+ 38. Qf2 Qxf2+ 39. Kxf2 Ndc5 40. Nxg8 Bxg8 41. Bxe6
Nxe6 42. Rb8 Rxa4 43. Rc8 {Black resigns} 1-0

[Event "Team 45 45 League T74"]
[Site "Internet Chess Club"]
[Date "2017.10.15"]
[Round "4"]
[White "zap2"]
[Black "Portola"]
[Result "1-0"]
[WhiteElo "1676"]
[BlackElo "1733"]
[Opening "Réti: King's Indian attack (Barcza system)"]
[ECO "A07"]
[Time "08:34:57"]
[TimeControl "2700+45"]

1. Nf3 d5 2. g3 c6 3. Bg2 Bf5 4. d3 h6 5. Nbd2 Nf6 6. O-O e6 7. b3 Nbd7 8. Bb2
Bc5 9. c4 O-O 10. a3 a5 11. Re1 Qc7 12. Rc1 Rfd8 13. Rc2 Qb6 14. Rf1 Ng4 15.
cxd5 Bxf2+ 16. Kh1 Ne3 17. Nc4 Qxb3 18. Nxe3 Bxe3 19. dxc6 bxc6 20. Bd4 Bg5 21.
Nxg5 hxg5 22. Be3 f6 23. Rxc6 Rac8 24. Qxb3 {Black resigns} 1-0

[Event "Team 45 45 League T74"]
[Site "Internet Chess Club"]
[Date "2017.10.08"]
[Round "4"]
[White "pokerram"]
[Black "Goli"]
[Result "1/2-1/2"]
[WhiteElo "1545"]
[BlackElo "1700"]
[Opening "King's Indian: 5.Nf3"]
[ECO "E90"]
[Time "17:01:03"]
[TimeControl "2700+45"]

1. Nf3 Nf6 2. c4 g6 3. Nc3 Bg7 4. e4 d6 5. d4 O-O 6. h3 Nbd7 7. Bd3 c6 8. e5 Ne8
9. exd6 exd6 10. O-O Nc7 11. Bg5 f6 12. Bf4 Nb6 13. Re1 Be6 14. b3 Bf7 15. Rc1
Ne6 16. Be3 Rc8 17. c5 Nd5 18. Nxd5 cxd5 19. b4 f5 20. g3 Qd7 21. Bf1 h6 22. Bg2
Kh7 23. Nh2 dxc5 24. bxc5 Bg8 25. f4 Bf6 26. Nf3 Rfe8 27. Ne5 Bxe5 28. fxe5 Rf8
29. Qd2 g5 30. Rf1 Rf7 31. Rf2 Rcf8 32. Rcf1 Nd8 33. Qc2 Kg7 34. Qb3 Re7 35. Qc2
Bh7 36. Qd2 Nf7 37. Bh1 Qe6 38. h4 gxh4 39. gxh4 Rg8 40. Rg2+ Kh8 41. Rxg8+ Kxg8
42. Qg2+ Kf8 43. Qxd5 Qg6+ 44. Qg2 Qh5 45. Qh3 Qe2 46. Rf2 Qe1+ 47. Kg2 f4 48.
Rxf4 Qe2+ 49. Kg1 Qxa2 50. Qc8+ Re8 51. Qh3 Ke7 52. Rf6 Rg8+ 53. Bg2 Be4 54. Rf2
Qd5 55. Kh2 Bxg2 56. Rxg2 Rxg2+ 57. Qxg2 Qb3 58. Bxh6 Nxh6 59. Qg5+ Kd7 60. Qxh6
Qb2+ 61. Kg3 Qc3+ 62. Kg2 Qb2+ 63. Kf3 Qc3+ 64. Qe3 Qc4 65. Kf4 Qf7+ 66. Kg4
Qg6+ 67. Qg5 Qe4+ 68. Qf4 Qg6+ 69. Kh3 a5 70. Qd2 a4 {Game drawn by mutual
agreement} 1/2-1/2

[Event "Team 45 45 League T74"]
[Site "Internet Chess Club"]
[Date "2017.10.07"]
[Round "4"]
[White "Signalman"]
[Black "cadmiumorange"]
[Result "1-0"]
[WhiteElo "1876"]
[BlackElo "1768"]
[Opening "Modern defense"]
[ECO "A40"]
[Time "09:37:36"]
[TimeControl "2700+45"]

1. d4 g6 2. Bf4 Bg7 3. e3 d6 4. Nf3 Nf6 5. h3 c5 6. c3 O-O 7. Be2 b6 8. O-O Bb7
9. Nbd2 Nbd7 10. a4 cxd4 11. cxd4 Nd5 12. Bh2 a5 13. Bb5 Rc8 14. Qe2 Nb4 15.
Rfc1 Nf6 16. e4 Rxc1+ 17. Rxc1 Qa8 18. d5 Rc8 19. Rc4 Ba6 20. Rxb4 axb4 21. Bxa6
Rc1+ 22. Nf1 Nxe4 23. Bc4 Nc5 24. Bf4 Ra1 25. Qxe7 Bf8 26. Qc7 Qxa4 27. Bxd6
Bxd6 28. Qxd6 b3 29. Ne5 Qe8 30. Nf3 Rc1 31. Qf4 Ra1 32. Ng5 Ra4 33. d6 Ne6 34.
Nxe6 fxe6 35. Qe4 Kg7 36. Qe5+ Kh6 37. Bb5 Ra5 38. Ne3 {Black resigns} 1-0

[Event "Team 45 45 League T74"]
[Site "Internet Chess Club"]
[Date "2017.10.08"]
[Round "4"]
[White "ivanson"]
[Black "gera-carp75"]
[Result "1/2-1/2"]
[WhiteElo "1743"]
[BlackElo "1775"]
[Opening "Sicilian: Alapin's variation (2.c3)"]
[ECO "B22"]
[Time "19:00:54"]
[TimeControl "2700+45"]

1. e4 c5 2. c3 d5 3. exd5 Qxd5 4. d4 Nf6 5. Nf3 Bg4 6. Be2 e6 7. Be3 cxd4 8.
cxd4 Nc6 9. Nc3 Qd6 10. h3 Bh5 11. O-O Be7 12. a3 O-O 13. Qb3 a6 14. Rfd1 Rfd8
15. g4 Bg6 16. Ne5 Na5 17. Qa2 Bc2 18. Rd2 Bb3 19. Qb1 Nd5 20. Nxd5 Bxd5 21. Bd1
Rac8 22. b4 Nc4 23. Nxc4 Rxc4 24. Bb3 Rc3 25. Bxd5 Qxd5 26. Rc2 Rdc8 27. Rxc3
Rxc3 28. Qd1 Bf6 29. Rc1 Qc6 30. Rxc3 Qxc3 31. Qf3 Qxa3 32. Qxb7 h6 33. Qa8+ Kh7
34. b5 Bxd4 35. Bxd4 Qxh3 36. Qe4+ f5 37. gxf5 exf5 38. Qe5 Qg4+ 39. Kf1 axb5
40. Ke1 Qe4+ 41. Kd2 Qxe5 42. Bxe5 g5 43. Bd6 Kg6 44. Ke3 h5 45. f3 h4 46. Kf2
f4 47. Kg2 Kf5 48. Kh3 Ke6 49. Bb4 Kd5 50. Be7 Kd4 51. Bxg5 Ke3 52. Kg4 h3 53.
Bxf4+ Ke2 54. Bd6 b4 55. Kxh3 Kxf3 56. Be5 {Game drawn by mutual agreement}
1/2-1/2

[Event "Team 45 45 League T74"]
[Site "Internet Chess Club"]
[Date "2017.10.09"]
[Round "4"]
[White "elmaestro"]
[Black "jjmolina"]
[Result "0-1"]
[WhiteElo "1715"]
[BlackElo "1740"]
[Opening "English opening"]
[ECO "A20"]
[Time "14:31:33"]
[TimeControl "2700+45"]

1. c4 e5 2. g3 Nc6 3. Bg2 Nf6 4. Nf3 Bc5 5. O-O d6 6. e3 O-O 7. a3 a6 8. Nc3 Ba7
9. d3 Bd7 10. b4 Rb8 11. Nd5 Nxd5 12. cxd5 Ne7 13. e4 f5 14. Be3 Bxe3 15. fxe3
fxe4 16. dxe4 Rc8 17. Qb3 h6 18. Rad1 Kh7 19. Rd2 Ng8 20. Rdf2 Nf6 21. Nh4 Qe7
22. Qc2 Ng4 23. Rxf8 Rxf8 24. Rxf8 Qxf8 25. Qe2 Nf6 26. h3 Qc8 27. Qf1 c5 28.
Nf5 Bxf5 29. exf5 cxb4 30. axb4 Qc3 31. b5 Qxe3+ 32. Kh2 axb5 33. Qxb5 Nh5 34.
g4 Nf4 35. Qb1 Qf2 36. f6+ Kg8 37. f7+ Kf8 38. Qb5 Qxg2# {White checkmated} 0-1

[Event "Team 45 45 League T74"]
[Site "Internet Chess Club"]
[Date "2017.10.08"]
[Round "4"]
[White "ascoli"]
[Black "diegoami"]
[Result "1-0"]
[WhiteElo "1645"]
[BlackElo "1596"]
[Opening "French: advance variation"]
[ECO "C02"]
[Time "14:00:59"]
[TimeControl "2700+45"]

1. d4 e6 2. e4 d5 3. e5 a6 4. f4 Ne7 5. Nf3 Ng6 6. Bd3 c5 7. c3 Nc6 8. O-O Bd7
9. Be3 c4 10. Bc2 Be7 11. Kh1 Nh4 12. Nxh4 Bxh4 13. Qg4 g6 14. Nd2 h5 15. Qh3
Be7 16. Nf3 Rg8 17. Ng5 Rg7 18. g4 hxg4 19. Qh8+ Bf8 20. Nh7 Qe7 21. Nf6+ Kd8
22. f5 g5 23. Nh5 Kc7 24. f6 {Black resigns} 1-0

[Event "Team 45 45 League T74"]
[Site "Internet Chess Club"]
[Date "2017.10.07"]
[Round "4"]
[White "JJ12"]
[Black "JSCOL"]
[Result "1/2-1/2"]
[WhiteElo "2114"]
[BlackElo "2140"]
[Opening "Sicilian: Nimzovich-Rossolimo attack (with ...g6, without ...d6)"]
[ECO "B31"]
[Time "16:01:40"]
[TimeControl "2700+45"]

1. e4 c5 2. Nf3 Nc6 3. Bb5 g6 4. Bxc6 dxc6 5. d3 Bg7 6. h3 Nf6 7. Nc3 O-O 8. Be3
b6 9. O-O Qc7 10. Nd2 e5 11. f4 exf4 12. Bxf4 Qd7 13. Kh1 Nh5 14. Bh2 Ba6 15. e5
Rae8 16. g4 Bxe5 17. gxh5 Qxh3 18. Rf2 Bc8 19. Qf3 Qh4 20. Rg2 Bh3 21. Rg3 Be6
22. Nde4 f5 23. Rh3 Qe7 24. hxg6 Bxh2 25. Rxh2 fxe4 26. Qxe4 Bf5 27. gxh7+ Kh8
28. Qxe7 Rxe7 29. Kg1 Rxh7 30. Rxh7+ Kxh7 31. Rf1 Kg6 32. Ne4 c4 33. dxc4 Rd8
34. Nc3 Rd2 35. Rf2 Rxc2 36. Rxc2 Bxc2 {Game drawn by mutual agreement} 1/2-1/2

[Event "Team 45 45 League T74"]
[Site "Internet Chess Club"]
[Date "2017.10.08"]
[Round "4"]
[White "f5"]
[Black "Monterrey"]
[Result "1-0"]
[WhiteElo "2063"]
[BlackElo "1937"]
[Opening "Bird's opening"]
[ECO "A02"]
[Time "13:00:57"]
[TimeControl "2700+45"]

1. f4 Nf6 2. Nf3 g6 3. g3 Bg7 4. Bg2 O-O 5. d3 d5 6. O-O c5 7. Nbd2 Nc6 8. c3
Qc7 9. e4 dxe4 10. dxe4 Rd8 11. Qe2 b6 12. e5 Nd5 13. Ne4 a5 14. Rd1 Ba6 15. Qe1
a4 16. Be3 Na5 17. Nfd2 Nxe3 18. Qxe3 Rac8 19. Qf2 Bd3 20. Nf1 Bf8 21. Ne3 Nc4
22. Rxd3 Rxd3 23. Nxc4 Rcd8 24. Ne3 e6 25. Bf1 {Black resigns} 1-0

[Event "Team 45 45 League T74"]
[Site "Internet Chess Club"]
[Date "2017.10.06"]
[Round "4"]
[White "LittleButton"]
[Black "Freitac"]
[Result "1/2-1/2"]
[WhiteElo "1864"]
[BlackElo "1905"]
[Opening "Queen's pawn: London system"]
[ECO "A45"]
[Time "16:02:37"]
[TimeControl "2700+45"]

1. d4 Nf6 2. Bf4 g6 3. Nc3 d5 4. e3 Bg7 5. h4 c6 6. Be2 h5 7. Nf3 Bf5 8. Ne5
Nbd7 9. Bd3 Bxd3 10. Qxd3 Nxe5 11. Bxe5 Qa5 12. O-O O-O 13. Ne2 Qb5 14. Qxb5
cxb5 15. Nf4 e6 {Game drawn by mutual agreement} 1/2-1/2

[Event "Team 45 45 League T74"]
[Site "Internet Chess Club"]
[Date "2017.10.08"]
[Round "4"]
[White "Heian"]
[Black "bobhill"]
[Result "0-1"]
[WhiteElo "1632"]
[BlackElo "1925"]
[Opening "Sicilian"]
[ECO "B50"]
[Time "20:01:09"]
[TimeControl "2700+45"]

1. e4 c5 2. Nf3 d6 3. Bc4 Nc6 4. c3 g6 5. O-O Bg7 6. d3 Nf6 7. h3 O-O 8. Be3 Bd7
9. Bb3 b5 10. Qc1 Qc8 11. Qd1 b4 12. Bc1 a5 13. Nbd2 bxc3 14. bxc3 Nh5 15. Bb2
Nf4 16. Nc4 Rb8 17. Bc1 Nxh3+ 18. gxh3 Bxh3 19. Nh2 Bxc3 20. Bh6 Bxf1 21. Qxf1
Bxa1 22. Qxa1 Nd4 23. Bxf8 Qxf8 24. Nxa5 Qh6 25. Qb2 Rf8 26. Kg2 Qg5+ 27. Kf1
Qh4 28. f3 Qf4 29. Kg2 h5 30. Nc4 Kh7 31. Qd2 Ne6 32. Qf2 Qf6 33. Nb6 Nf4+ 34.
Kh1 Nxd3 35. Qd2 Qd4 36. Nf1 f5 37. Bd5 Rb8 38. exf5 Rxb6 39. fxg6+ Kg7 40. Qg5
Qf6 41. Qxh5 e6 42. Qh7+ Kf8 43. Bxe6 Qxf3+ 44. Kg1 Qf2+ 45. Kh1 Qxf1+ 46. Kh2
Rb2+ 47. Kg3 Rg2+ 48. Kh4 Qf4+ {White resigns} 0-1

[Event "Team 45 45 League T74"]
[Site "Internet Chess Club"]
[Date "2017.10.06"]
[Round "4"]
[White "searchforbobby1"]
[Black "HomerSimpson"]
[Result "0-1"]
[WhiteElo "1991"]
[BlackElo "2020"]
[Opening "Sicilian: Alapin's variation (2.c3)"]
[ECO "B22"]
[Time "22:01:28"]
[TimeControl "2700+45"]

1. e4 c5 2. c3 Nf6 3. e5 Nd5 4. d4 cxd4 5. Nf3 e6 6. cxd4 d6 7. a3 Bd7 8. Bd3
Bc6 9. O-O Nd7 10. Re1 Be7 11. b4 a6 12. Nbd2 dxe5 13. dxe5 Nc3 14. Qb3 Rc8 15.
Qxc3 Bxf3 16. Qd4 Bc6 17. Bb2 Nb6 18. Qe3 Bg5 19. Qe2 Bxd2 20. Qxd2 Nc4 21. Qe2
Nxb2 22. Qxb2 Qxd3 23. Re3 Qd5 24. Rg3 O-O 25. Qe2 Rfd8 26. h4 Qe4 27. Qh5 Rd5
{White resigns} 0-1

[Event "Team 45 45 League T74"]
[Site "Internet Chess Club"]
[Date "2017.10.16"]
[Round "4"]
[White "The7thGuest"]
[Black "SlimeDog2"]
[Result "1/2-1/2"]
[WhiteElo "1880"]
[BlackElo "2006"]
[Opening "Ruy Lopez: Berlin defense, open variation"]
[ECO "C67"]
[Time "13:49:34"]
[TimeControl "2700+45"]

1. e4 e5 2. Nf3 Nc6 3. Bb5 Nf6 4. O-O Nxe4 5. d4 Nd6 6. Bxc6 dxc6 7. dxe5 Nf5 8.
Qxd8+ Kxd8 9. Nc3 Ke8 10. h3 h5 11. Bg5 Be6 12. Rfd1 Bb4 13. Nd4 Nxd4 14. Rxd4
Bxc3 15. bxc3 c5 16. Rd2 Rf8 17. Rad1 f6 18. exf6 gxf6 19. Bf4 Rc8 20. a3 Kf7
21. f3 Rfe8 22. Kf2 b5 23. Re1 {Game drawn by mutual agreement} 1/2-1/2

[Event "Team 45 45 League T74"]
[Site "Internet Chess Club"]
[Date "2017.10.08"]
[Round "4"]
[White "ArturitoGalacti"]
[Black "charles-allen"]
[Result "1-0"]
[WhiteElo "1887"]
[BlackElo "1845"]
[Opening "English opening"]
[ECO "A13"]
[Time "20:01:51"]
[TimeControl "2700+45"]

1. c4 e6 2. g3 d5 3. Bg2 Nf6 4. Nf3 Bd6 5. d4 c6 6. Qc2 O-O 7. O-O Nbd7 8. Nbd2
Re8 9. Ne5 Nxe5 10. dxe5 Bxe5 11. Nf3 Bd6 12. Bg5 Be7 13. Rfd1 Ne4 14. Bxe7 Qxe7
15. Nd4 Nf6 16. Rac1 dxc4 17. Qxc4 e5 18. Nxc6 bxc6 19. Bxc6 Be6 20. Qa4 Rac8
21. Bxe8 Rxc1 22. Rxc1 Nxe8 23. Qa5 e4 24. Rc3 Bh3 25. Qd5 h6 26. Qa8 Qd7 27.
Rc1 Qd2 28. Qxe8+ {Black resigns} 1-0

[Event "Team 45 45 League T74"]
[Site "Internet Chess Club"]
[Date "2017.10.05"]
[Round "4"]
[White "trombone"]
[Black "ChessHouston"]
[Result "0-1"]
[WhiteElo "1793"]
[BlackElo "1717"]
[Opening "Pirc defense"]
[ECO "B07"]
[Time "15:03:05"]
[TimeControl "2700+45"]

1. e4 d6 2. d4 Nf6 3. Nc3 g6 4. Be3 a6 5. Nf3 b5 6. e5 Ng4 7. Bg5 f6 8. h3 fxg5
9. hxg4 Bxg4 10. Qd3 Bf5 11. Qe3 g4 12. Ng5 h5 13. f3 gxf3 14. Qxf3 c6 15. Bd3
e6 16. Nce4 Be7 17. g4 d5 18. gxf5 dxe4 19. Nxe4 exf5 20. Nf6+ Bxf6 21. exf6
Qxf6 22. O-O-O Ra7 23. d5 O-O 24. Rdg1 Rg7 25. Rg2 Nd7 26. dxc6 Ne5 27. Qd5+ Kh8
28. Bf1 Rd8 29. Qc5 Ng4 30. Be2 Rc7 31. Bf3 Qe5 32. Qa3 Rd6 33. Re2 Qf4+ 34. Kb1
Nf6 35. Rf1 Qd4 36. Rg2 Ne4 37. Rfg1 b4 38. Qa5 Nd2+ 39. Kc1 Nxf3 40. Qxc7 Nxg1
{White resigns} 0-1

[Event "Team 45 45 League T74"]
[Site "Internet Chess Club"]
[Date "2017.10.08"]
[Round "4"]
[White "alegro"]
[Black "hood"]
[Result "0-1"]
[WhiteElo "1912"]
[BlackElo "2039"]
[Opening "Ruy Lopez: closed, Breyer, Borisenko variation"]
[ECO "C95"]
[Time "12:28:25"]
[TimeControl "2700+45"]

1. e4 e5 2. Nf3 Nc6 3. Bb5 a6 4. Ba4 Nf6 5. O-O Be7 6. Re1 b5 7. Bb3 d6 8. c3
O-O 9. h3 Nb8 10. d4 Nbd7 11. Nbd2 Bb7 12. a4 c5 13. Bc2 cxd4 14. cxd4 Qc7 15.
Nf1 Rac8 16. Bd3 bxa4 17. Qxa4 exd4 18. Qxd4 Nc5 19. Ra3 Nfxe4 20. Bxe4 Nxe4 21.
Bf4 Bf6 22. Qb4 Rfe8 23. Rc1 Qd7 24. Rd1 Rc2 25. Rb3 Bc6 26. Ne3 Rxf2 27. Ng4
Rc2 28. Nxf6+ Nxf6 29. Rxd6 Qf5 30. Nh4 Qh5 31. Bg3 Ne4 32. Rxc6 Rxc6 33. Qxe4
Qc5+ 34. Bf2 Qc1+ {White resigns} 0-1

[Event "Team 45 45 League T74"]
[Site "Internet Chess Club"]
[Date "2017.10.08"]
[Round "4"]
[White "dp15"]
[Black "primerpaso"]
[Result "1-0"]
[WhiteElo "2056"]
[BlackElo "1839"]
[Opening "Sicilian: Najdorf, Adams attack"]
[ECO "B90"]
[Time "16:01:34"]
[TimeControl "2700+45"]

1. e4 c5 2. Nf3 d6 3. d4 cxd4 4. Nxd4 Nf6 5. Nc3 a6 6. h3 e5 7. Nde2 Be6 8. g4
Nc6 9. Bg2 Qc7 10. O-O Be7 11. Be3 b5 12. a3 Na5 13. Ng3 Nc4 14. Bc1 Rd8 15. g5
Nd7 16. Nf5 Bf8 17. a4 b4 18. Nd5 Bxd5 19. Qxd5 Ndb6 20. Qd3 Qc8 21. b3 Na5 22.
Bd2 Nc6 23. a5 Na8 24. Rfd1 Nc7 25. Qc4 Qb7 26. Ra4 Qb5 27. Bxb4 Qxc4 28. bxc4
Nxb4 29. Rxb4 g6 30. Ne3 Ne6 31. Rb6 Nc5 32. Nd5 Kd7 33. Bf3 Ra8 34. Bg4+ Ne6
35. c5 dxc5 36. Rxe6 fxe6 37. Nb6+ Kc6 38. Nxa8 Be7 39. Bxe6 Bxg5 40. c4 Bd8 41.
Bd5+ Kd6 42. Nb6 {Black resigns} 1-0

[Event "Team 45 45 League T74"]
[Site "Internet Chess Club"]
[Date "2017.10.08"]
[Round "4"]
[White "kabindra"]
[Black "soccerisfun"]
[Result "0-1"]
[WhiteElo "1603"]
[BlackElo "1967"]
[Opening "Ruy Lopez: Schliemann defense"]
[ECO "C63"]
[Time "17:00:49"]
[TimeControl "2700+45"]

1. e4 e5 2. Nf3 Nc6 3. Bb5 f5 4. d3 fxe4 5. dxe4 Nf6 6. O-O Bc5 7. Nc3 d6 8. Bg5
O-O 9. Nd5 Kh8 10. c3 Ne7 11. Nxf6 gxf6 12. Bh6 Rg8 13. Bc4 Rg6 14. Qd2 Bh3 15.
Nh4 Rg4 16. Be6 Rxh4 17. Bxh3 Qg8 18. Kh1 Qg6 19. Be3 Rxh3 20. Bxc5 Qxe4 21. f3
Rxh2+ 22. Kxh2 Qh4+ 23. Kg1 dxc5 24. Qd7 Ng6 25. Qg4 Qh6 26. Qf5 Nf4 27. g3 Rg8
28. g4 Qh4 29. Qc2 Qg3+ 30. Kh1 Rg6 31. Rf2 Rh6+ 32. Rh2 Qxf3+ 33. Kg1 Qxg4+ 34.
Kf1 Qf3+ 35. Qf2 Qxf2+ 36. Kxf2 Rxh2+ {White resigns} 0-1

[Event "Team 45 45 League T74"]
[Site "Internet Chess Club"]
[Date "2017.10.08"]
[Round "4"]
[White "LinceHispano44"]
[Black "Egmont"]
[Result "1/2-1/2"]
[WhiteElo "1721"]
[BlackElo "1694"]
[Opening "QGD Slav: 4.e3"]
[ECO "D11"]
[Time "12:15:06"]
[TimeControl "2700+45"]

1. Nf3 d5 2. d4 Nf6 3. c4 c6 4. e3 Nbd7 5. Bd3 e6 6. O-O Bd6 7. Nc3 O-O 8. e4
dxe4 9. Nxe4 Nxe4 10. Bxe4 Nf6 11. Bc2 c5 12. Bg5 cxd4 13. Nxd4 Be5 14. Be3 b6
15. Qf3 Bd7 16. Rad1 Qc7 17. Qe2 Bxh2+ 18. Kh1 Bf4 19. b3 Bxe3 20. fxe3 Qg3 21.
Rf3 Qg5 22. Rdf1 Qh5+ 23. Kg1 e5 24. Nf5 Bxf5 25. Bxf5 e4 26. R3f2 Qxe2 27. Rxe2
Rad8 28. Rf4 Rfe8 29. Rc2 g6 30. Bxg6 hxg6 31. Rxf6 Kg7 32. Rc6 Rc8 {Game drawn
by mutual agreement} 1/2-1/2

[Event "Team 45 45 League T74"]
[Site "Internet Chess Club"]
[Date "2017.10.09"]
[Round "4"]
[White "AVEMARIA"]
[Black "Packerfan"]
[Result "0-1"]
[WhiteElo "1581"]
[BlackElo "1712"]
[Opening "Two knights defense (Modern bishop's opening)"]
[ECO "C24"]
[Time "10:01:12"]
[TimeControl "2700+45"]

1. e4 e5 2. Bc4 Nf6 3. d3 Nc6 4. Nf3 Be7 5. O-O O-O 6. Bb3 d5 7. exd5 Nxd5 8.
Nbd2 a5 9. a3 Bg4 10. h3 Bh5 11. Qe1 Bf6 12. g4 Bg6 13. Ne4 Nf4 14. Bxf4 exf4
15. Nxf6+ Qxf6 16. Qc3 Qxc3 17. bxc3 Rfe8 18. Rfe1 Kf8 19. Ba4 Rxe1+ 20. Rxe1
Ne7 21. c4 f6 22. Nd4 Bf7 23. Ne6+ Bxe6 24. Rxe6 Kf7 25. Re2 g5 26. f3 Rd8 27.
Rd2 Rd6 28. c5 Rd8 29. d4 b6 30. cxb6 cxb6 31. Bb3+ Nd5 32. c4 Ne3 33. c5+ Ke7
34. cxb6 Rb8 35. d5 Rxb6 36. d6+ Rxd6 37. Rxd6 Kxd6 38. Kf2 Kc5 39. Ke2 Kd4 40.
Kd2 Nc4+ 41. Bxc4 Kxc4 42. Kc2 a4 43. Kb2 Kd3 {White resigns} 0-1

[Event "Team 45 45 League T74"]
[Site "Internet Chess Club"]
[Date "2017.10.07"]
[Round "4"]
[White "clarinetref"]
[Black "julesraider"]
[Result "1-0"]
[WhiteElo "1510"]
[BlackElo "1549"]
[Opening "English: Anglo-Dutch defense"]
[ECO "A10"]
[Time "20:01:18"]
[TimeControl "2700+45"]

1. c4 f5 2. d3 Nf6 3. g3 e5 4. Nc3 Bb4 5. Qc2 d6 6. Bg2 O-O 7. Bg5 Bxc3+ 8. bxc3
c6 9. e3 Qc7 10. Bxf6 Rxf6 11. Ne2 f4 12. exf4 exf4 13. Nxf4 Qe7+ 14. Qe2 Qf7
15. O-O Bf5 16. Rfe1 Nd7 17. Qe7 Ne5 18. Qxf7+ Rxf7 19. Be4 g5 20. d4 Nxc4 21.
Bxf5 Rxf5 22. Ng2 Raf8 23. Re2 R5f7 24. f4 d5 25. Rae1 Nd6 26. fxg5 Ne4 27. Nf4
Nxg5 28. Kg2 Ne4 29. c4 Rd7 30. cxd5 cxd5 31. Nxd5 Nxg3 32. Ne7+ Kf7 33. Rf2+
Kg7 34. Rxf8 Kxf8 35. hxg3 Rxe7 36. Rxe7 Kxe7 37. Kf3 Kd6 38. Ke4 b5 39. d5 a5
40. Kd4 b4 41. g4 h6 42. Kc4 Kc7 43. Kb5 Kd6 44. Kxa5 Kc5 45. d6 Kxd6 46. Kxb4
Ke5 47. a4 Kf4 48. a5 Kxg4 49. a6 h5 50. a7 h4 51. a8=Q h3 52. Qe4+ Kg3 53. Qg6+
Kh2 54. Kc3 Kh1 55. Qe4+ Kg1 56. Qg4+ Kh2 57. Kd3 Kh1 58. Qxh3+ Kg1 59. Qg3+ Kf1
60. Qf3+ Kg1 61. Ke2 Kh2 62. Ke3 Kg1 63. Qg4+ Kf1 64. Qh3+ Kg1 65. Qf3 Kh2 66.
Qg4 Kh1 67. Kf2 Kh2 68. Qh4# {Black checkmated} 1-0

[Event "Team 45 45 League T74"]
[Site "Internet Chess Club"]
[Date "2017.10.09"]
[Round "4"]
[White "RD1974"]
[Black "Electryon"]
[Result "1-0"]
[WhiteElo "1619"]
[BlackElo "1465"]
[Opening "Scandinavian (center counter) defense"]
[ECO "B01"]
[Time "21:02:09"]
[TimeControl "2700+45"]

1. e4 d5 2. exd5 Qxd5 3. Nc3 Qd8 4. Bc4 Bf5 5. Qf3 e6 6. Qxb7 Nd7 7. Nb5 Bd6 8.
Nxd6+ cxd6 9. Bb5 Nf6 10. Nf3 Be4 11. Bc6 Bxc6 12. Qxc6 d5 13. Ne5 O-O 14. Nxd7
Nxd7 15. Qa4 Nc5 16. Qd4 Qd6 17. O-O Rfc8 18. c3 Ne4 19. d3 Nf6 20. Bf4 Qc6 21.
Be5 Ne8 22. Qg4 f6 23. Bf4 e5 24. Be3 a5 25. d4 e4 26. Rfc1 Ra7 27. Rc2 Re7 28.
Rac1 Nd6 29. b3 f5 30. Qg5 Qe8 31. Bf4 h6 32. Qg3 Nf7 33. c4 dxc4 34. bxc4 Qa4
35. d5 Rc5 36. Be3 Rc8 37. c5 Rd7 38. Rc4 Qxa2 39. Bd4 Ng5 40. Qe5 Qb3 41. h4
Nh7 42. Qe6+ Rf7 43. Qxc8+ Rf8 44. Qe6+ Rf7 45. d6 Nf8 46. Qe8 Qb7 47. c6 Qb5
48. c7 Qxe8 49. c8=Q Qxc8 50. Rxc8 Rd7 51. R1c6 Kf7 52. Bc5 Ne6 53. Ba3 Nd4 54.
R6c7 Ke6 55. Rxd7 Kxd7 56. Rg8 Ne6 57. Ra8 Nd8 58. Rxa5 Nb7 59. Ra7 Kc6 60. d7
{Black resigns} 1-0

[Event "Team 45 45 League T74"]
[Site "Internet Chess Club"]
[Date "2017.10.14"]
[Round "4"]
[White "parrot9"]
[Black "VictorRed"]
[Result "0-1"]
[WhiteElo "1644"]
[BlackElo "1728"]
[Opening "Philidor: exchange variation"]
[ECO "C41"]
[Time "09:07:51"]
[TimeControl "2700+45"]

1. e4 e5 2. Nf3 d6 3. d4 exd4 4. Nxd4 Nf6 5. Nc3 Be7 6. f3 Bd7 7. Be3 Nc6 8. Qd2
a6 9. O-O-O O-O 10. g4 Nxd4 11. Bxd4 c5 12. Be3 b5 13. g5 b4 14. Ne2 Ne8 15.
Bxc5 dxc5 16. Qxd7 Bxg5+ 17. f4 Qxd7 18. Rxd7 Nf6 19. Rc7 Bh4 20. e5 Ng4 21. Rg1
Nxh2 22. Bg2 Rad8 23. Rh1 Bf2 24. c3 Be3+ 25. Kc2 Rd2+ 26. Kb3 Rxe2 27. Rxh2
Bxf4 28. Rh4 Bxe5 29. Bf1 Bxc7 30. Bxe2 a5 31. Ka4 g6 32. Kb5 bxc3 33. bxc3 Be5
34. Rc4 Rb8+ 35. Kxc5 Rc8+ 36. Kb5 Rxc4 37. Kxc4 h5 38. Kd3 h4 39. c4 h3 40. Bf3
f5 41. c5 g5 42. Kc4 g4 43. Bb7 g3 44. Kd5 g2 45. Kxe5 g1=Q 46. c6 Qg3+ 47. Ke6
h2 48. Kd7 {White resigns} 0-1

[Event "Team 45 45 League T74"]
[Site "Internet Chess Club"]
[Date "2017.10.06"]
[Round "4"]
[White "andrew37"]
[Black "Gojira"]
[Result "1/2-1/2"]
[WhiteElo "1703"]
[BlackElo "1630"]
[Opening "Queen's pawn, Mason variation"]
[ECO "D00"]
[Time "19:04:04"]
[TimeControl "2700+45"]

1. d4 d5 2. Bf4 Bf5 3. e3 c6 4. c4 e6 5. Nc3 Nf6 6. Nf3 Bd6 7. Bxd6 Qxd6 8. Qb3
Qe7 9. cxd5 Nxd5 10. h3 h6 11. Be2 Qb4 12. O-O Qxb3 13. axb3 Nd7 14. Nd2 N7f6
15. Nc4 Ke7 16. Rfe1 Nb4 17. Ra4 Nc2 18. Rc1 b5 19. e4 bxa4 20. exf5 axb3 21.
fxe6 Nxd4 22. exf7 Nd5 23. Bh5 Nf4 24. Re1+ Kd8 25. Re8+ Kc7 26. Re7+ Kd8 27.
Re8+ Kc7 {Game drawn by mutual agreement} 1/2-1/2

[Event "Team 45 45 League T74"]
[Site "Internet Chess Club"]
[Date "2017.10.07"]
[Round "4"]
[White "crazyhorses"]
[Black "armand068new"]
[Result "0-1"]
[WhiteElo "1447"]
[BlackElo "1659"]
[Opening "Sicilian: Labourdonnais-Löwenthal variation"]
[ECO "B32"]
[Time "14:10:16"]
[TimeControl "2700+45"]

1. e4 c5 2. Nf3 Nc6 3. d4 cxd4 4. Nxd4 e5 5. Nxc6 bxc6 6. Be3 Nf6 7. Nd2 d5 8.
Bd3 Be7 9. f3 O-O 10. O-O Qc7 11. c3 Bd6 12. g3 Rb8 13. Qc2 a5 14. Rfe1 h6 15.
Bf2 Be6 16. c4 d4 17. c5 Be7 18. b3 Nd7 19. Bc4 Nxc5 20. Bxe6 Nxe6 21. Nc4 Ng5
22. Qd3 a4 23. Rab1 axb3 24. axb3 Bb4 25. Rec1 f6 26. Be1 Bxe1 27. Rxe1 Qd7 28.
Rec1 h5 29. Nd2 h4 30. Qc4+ Kh7 31. Qxc6 Qh3 32. b4 hxg3 33. b5 Qxh2+ 34. Kf1
Qf2# {White checkmated} 0-1